 Dungeon Crawl Stone Soup version 0.28-a0-1382-g92835e5c71 (webtiles) character file.

Game seed: 3096181444587569487

63 racehazard the Ruffian (level 3, -4/36 HPs)
             Began as a Troll Berserker on Jan 1, 2022.
             Was a Believer of Trog.
             Killed by divine providence
             ... invoked by an orc priest
              (14 damage)
             ... on level 3 of the Dungeon.
             The game lasted 00:06:33 (1189 turns).

racehazard the Ruffian (Troll Berserker)            Turns: 1189, Time: 00:06:34

Health: -4/36      AC:  4    Str: 27    XL:     3   Next: 87%
Magic:  2/2        EV: 10    Int:  3    God:    Trog [**....]
Gold:   92         SH:  0    Dex:  9    Spells: 2/2 levels left

rFire   . . .      SeeInvis .     - Unarmed
rCold   . . .      Faith    .   (no shield)
rNeg    . . .      Spirit   .   a - +0 animal skin
rPois   .          Reflect  .   (helmet restricted)
rElec   .          Harm     .   (no cloak)
rCorr   .          Rampage  .   (gloves unavailable)
Will    .....                   (boots unavailable)
Stlth   +.........              (no amulet)
HPRegen 0.92/turn               (no ring)
MPRegen 0.08/turn               (no ring)

@: no status effects
A: large, unfitting armour, claws 3, regeneration 1, shaggy fur 1, tough skin 1
a: Renounce Religion, Berserk, Trog's Hand


You were on level 3 of the Dungeon.
You worshipped Trog.
Trog was pleased with you.
You visited 1 branch of the dungeon, and saw 3 of its levels.

You collected 92 gold pieces.

Inventory:

Armour
 a - a +0 animal skin (worn)
 d - a +0 robe
Jewellery
 c - a ring of protection from cold
Scrolls
 b - a scroll of magic mapping {unknown}
 f - a scroll of noise {unknown}
 i - a scroll of holy word {unknown}
Potions
 e - a potion of lignification {unknown}
 g - a potion of cancellation {unknown}
 h - a potion of mutation {unknown}


   Skills:
 + Level 2.8 Fighting
 + Level 3.0 Dodging
 + Level 4.0 Unarmed Combat


You had 2 spell levels left.
You didn't know any spells.
Your spell library contained the following spells:

 Spells                   Type           Power      Damage    Failure   Level
 Slow                     Hex            0%         N/A       52%         1
 Summon Small Mammal      Summ           0%         N/A       52%         1
 Passwall                 Tmut/Erth      0%         N/A       67%         2
 Call Canine Familiar     Summ           0%         N/A       88%         3
 Confusing Touch          Hex            0%         N/A       88%         3
 Summon Guardian Golem    Hex/Summ       0%         N/A       88%         3
 Swiftness                Air            0%         N/A       88%         3
 Vampiric Draining        Necr           0%         2d6       88%         3


Dungeon Overview and Level Annotations

Branches:
Dungeon (3/15)

Altars:

Shops:
D:1 :


Innate Abilities, Weirdness & Mutations

You are too large for most types of armour.
You have claws for hands.
Your natural rate of healing is unusually fast.
You are covered in fur. (AC +1)
You have tough skin. (AC +1)


Message History

The ball python barely misses you.
You closely miss the ball python. The ball python misses you.
You claw the ball python!
You kill the ball python!
Trog accepts your kill.
You see here a ball python corpse.
You see here 19 arrows.
An orc comes into view. It is wielding a +0 club.
The orc shouts!
An orc comes into view. It is wielding a +0 dagger.
The orc shouts!
You hear a shout! x2
An orc comes into view. It is wielding a +0 dagger.
An orc priest comes into view. It is wielding a +0 short sword.
A ball python comes into view.
The orc shouts!
The orc hits you with a +0 club.
You barely miss the orc.
An endoplasm comes into view.
The orc barely misses you.
The orc priest invokes the aid of Beogh against you.
Beogh smites you!
You closely miss the orc. The orc hits you with a +0 club.
You claw the orc!
You kill the orc!
Trog accepts your kill.
Your Unarmed Combat skill increases to level 4!
You claw the orc!
The orc is almost dead.
The orc hits you with a +0 dagger.
An orc comes into view. It is wielding a +0 vorpal hand axe.
You claw the orc!
You kill the orc!
Trog accepts your kill.
The orc priest mumbles some strange prayers to Beogh against you.
Beogh smites you!
* * * LOW HITPOINT WARNING * * *
Your Dodging skill increases to level 3!
The orc priest mumbles some strange prayers to Beogh against you.
Beogh smites you!
You die...

##### ### #...
†.#######.############.#.#
....(...........@..oo.o...
#.########.###########J...
#.# #.# . #.# #.# #.. ..#
### ###


You could see an orc priest, 2 orcs and an endoplasm.

Vanquished Creatures
  4 dart slugs
  A worm (D:2)
  3 orcs (D:3)
  2 bats (D:1)
  5 endoplasms
  A giant cockroach (D:1)
  3 goblins
  5 hobgoblins
  2 jackals (D:3)
  3 quokkas (D:1)
  5 ball pythons
  2 frilled lizards (D:1)
  5 kobolds
  4 rats
45 creatures vanquished.

Notes
Turn   | Place    | Note
-------+----------+-------------------------------------------
     0 | D:1      | racehazard the Troll Berserker began the quest for the Orb.
     0 | D:1      | Reached XP level 1. HP: 22/22 MP: 0/0
   198 | D:1      | Reached XP level 2. HP: 29/29 MP: 1/1
   348 | D:1      | Found a faded altar of an unknown god.
   389 | D:1      | Found Xoceped's Book Emporium.
   439 | D:1      | You fall into a shaft and drop 1 floor!
   451 | D:2      | Reached XP level 3. HP: 35/36 MP: 2/2
   490 | D:2      | Reached ** piety under Trog
  1186 | D:3      | Reached skill level 4 in Unarmed Combat
  1189 | D:3      | Killed from afar by an orc priest

Illustrated notes

Levels and vault maps discovered:
D:1:      tarquinn_simple_flora_water_c, layout_basic, serial_shops, shop,
          ebering_ecumenical_altar_webs, st_stairs_4
D:2:      minmay_inner_zag, layout_loops_cross
D:3:      layout_loops_ring, st_stairs_4, grunt_ministairs_1

Skill      XL: |  1  2  3 |
---------------+----------+-----
Unarmed Combat | 4 |  4.0
Dodging        | 3 |  3.0
Fighting       | |  2.8

Action                   || total
-------------------------++-------
Melee: Unarmed           ||   120
       Punch             ||     1
Invok: Berserk           ||     1
Armor: Animal skin       ||    47
Dodge: Dodged            ||    96

Table legend: (Time is in decaauts)
 A = Elapsed time spent in this place.
 B = Non-inter-level travel time spent in this place.
 C = Inter-level travel time spent in this place.
 D = Time resting spent in this place.
 E = Time spent auto-exploring this place.
 F = Levels seen in this place.
 G = Mean time per level.
                   A        B        C        D        E       F      G
               +--------+--------+--------+--------+--------+-----+--------+
         Total |   1197 |   1153 |     44 |      0 |      0 |   3 |  399.0 |
       Dungeon |   1197 |   1153 |     44 |      0 |      0 |   3 |  399.0 |
               +--------+--------+--------+--------+--------+-----+--------+

Top non-repeatable levels by time:
     D:1: 657 daAuts
     D:2: 450 daAuts
     D:3: 89 daAuts
